 Dungeon Crawl Stone Soup version 0.22.0-32-gbc6daba (webtiles) character file.

181 Monsterracer the Chiller (level 5, -2/35 HPs)
             Began as a Formicid Ice Elementalist on Aug 23, 2018.
             Slain by an orc (3 damage)
             ... on level 4 of the Dungeon.
             The game lasted 00:04:16 (4268 turns).

Monsterracer the Chiller (FoIE)                     Turns: 4268, Time: 00:04:17

Health: -2/35      AC:  4    Str: 10 (13) XL:     5   Next: 92%
Magic:  9/10       EV: 17    Int: 14 (15) God:
Gold:   154        SH:  0    Dex: 17 (19) Spells: 5/11 levels left

rFire    . . .     SeeInvis +   s - +0 whip
rCold    . . .     Gourm    .   (no shield)
rNeg     . . .     Faith    .   t - +0 leather armour (curse)
rPois    .         Spirit   .   (helmet unavailable)
rElec    .         Reflect  .   (no cloak)
rCorr    .         Harm     .   (no gloves)
MR       .....                  k - +0 pair of boots
Stlth    +++.......             l - amulet of the acrobat
HPRegen  0.11/turn              j - +3 ring of dexterity
MPRegen  0.12/turn              (no ring)

@: agile
A: permanent stasis, dig shafts and tunnels, four strong arms, antennae 3
a: Dig, Shaft Self


You were on level 4 of the Dungeon.
You were not hungry.

You visited 1 branch of the dungeon, and saw 4 of its levels.

You collected 154 gold pieces.

Inventory:

Hand Weapons
 s - a +0 whip (weapon)
Armour
 k - a +0 pair of boots (worn)
 t - a cursed +0 leather armour (worn)
Jewellery
 j - a +3 ring of dexterity (left hand)
 l - an amulet of the acrobat (around neck)
Wands
 p - a wand of iceblast (7)
Scrolls
 d - a scroll of noise {unknown}
 g - 3 scrolls of amnesia {unknown}
 i - 2 scrolls of identify
 m - a scroll of fear {unknown}
 n - a scroll of enchant weapon {unknown}
 o - 2 scrolls of remove curse {unknown}
 r - a scroll of immolation {unknown}
 v - a scroll of enchant armour {unknown}
Potions
 e - 2 potions of curing
 f - a potion of lignification {unknown}
 h - 2 potions of mutation {!q}
 q - 3 potions of flight
Comestibles
 c - 9 rations
 u - a chunk of flesh


   Skills:
 * Level 1.2 Maces & Flails
 - Level 1.7 Dodging
 - Level 2.4 Stealth
 + Level 3.5 Spellcasting
 - Level 0.8 Conjurations
 * Level 5.1 Ice Magic


You had 5 spell levels left.
You knew the following spells:

 Your Spells              Type           Power        Failure   Level  Hunger
a - Freeze                Ice            ###.         3%          1    #......
b - Throw Frost           Conj/Ice       ##....       12%         2    ##.....
c - Ozocubu's Armour      Chrm/Ice       #.......     28%         3    ###....

Your spell library contained the following spells:

 Spells                   Type           Power        Failure   Level  Hunger
 Throw Icicle             Conj/Ice       ##......     63%         4    #####..
 Summon Ice Beast         Ice/Summ       #.......     67%         4    #####..


Dungeon Overview and Level Annotations

Branches:
Dungeon (4/15)
 Temple: D:4-7

Altars:
Ashenzari
Sif Muna

Annotations:
D:4 1 runed door


Innate Abilities, Weirdness & Mutations

You cannot be hasted, slowed, berserked, paralysed or teleported.
You can dig through walls and to a lower floor.
Your four strong arms can wield two-handed weapons with a shield.
You have a pair of large antennae on your head. (SInv)


Message History

Aim: an orc, wielding a whip (heavily wounded)
You freeze the orc.
The orc is almost dead.
The orc hits you but does no damage.
You now have 8/10 mp.
Unknown command.
An orc is nearby!
Casting: Freeze (safe; 3% risk of failure)
Confirm with . or Enter, or press ? or * to list all spells.
Aiming: Freeze (safe; 3% risk of failure)
Press: ? - help, Shift-Dir - straight line, f/p - orc
Aim: an orc, wielding a whip (almost dead)
You freeze the orc.
You kill the orc!
You now have 7/10 mp.
c - 9 rations (gained 1)
Found a shattered altar of Ashenzari.
MP restored: 10 You see here a whip.
You sense a monster nearby.
You sense a monster nearby.
A frilled lizard, an orc and 2 orc wizards come into view.
The orc shouts!
The orc wizard shouts! x2
The orc wizard gestures at you while chanting.
The magic dart hits you!
The orc wizard mumbles some strange words.
The orc wizard blinks!
The frilled lizard hisses angrily.
You take 3 damage, and have 32/35 hp.
There are monsters nearby!
There are monsters nearby!
A bullfrog skeleton comes into view.
Casting: Freeze (safe; 3% risk of failure)
Confirm with . or Enter, or press ? or * to list all spells.
Aiming: Freeze (safe; 3% risk of failure)
Press: ? - help, Shift-Dir - straight line, f - orc
Aim: an orc You freeze the orc.
The orc is heavily wounded.
The orc hits you but does no damage.
The frilled lizard hisses.
You now have 9/10 mp.
You barely miss the bullfrog skeleton.
The bullfrog skeleton barely misses you.
The orc hits you. The bullfrog skeleton hits you.
You take 9 damage, and have 23/35 hp.
MASSIVE DAMAGE!!
You barely miss the bullfrog skeleton. The orc hits you.
The bullfrog skeleton closely misses you.
Casting: Freeze (safe; 3% risk of failure)
Confirm with . or Enter, or press ? or * to list all spells.
Aiming: Freeze (safe; 3% risk of failure)
Press: ? - help, Shift-Dir - straight line, f/p - orc
Aim: an orc (heavily wounded)
You freeze the orc.
The orc is severely wounded.
The orc hits you.
The orc wizard gestures wildly while chanting.
The orc wizard blinks!
The bullfrog skeleton hits you.
* * * LOW HITPOINT WARNING * * *
You take 6 damage, and have 17/35 hp.
You now have 8/10 mp.
Okay, then.
There are monsters nearby!
As you read the scroll labeled LINNYUMALO, it crumbles to dust.
It is a scroll of identify.
e - 2 potions of curing The bullfrog skeleton hits you but does no damage.
The orc barely misses you.
The orc wizard mumbles some strange words.
The orc wizard blinks!
The frilled lizard unfolds its giant frill.
As you read the scroll of identify, it crumbles to dust.
h - 2 potions of mutation The bullfrog skeleton hits you.
* * * LOW HITPOINT WARNING * * *
The orc barely misses you.
The bullfrog skeleton barely misses you.
You take 3 damage, and have 14/35 hp.
As you read the scroll of identify, it crumbles to dust.
q - 3 potions of flight The orc hits you.
* * * LOW HITPOINT WARNING * * *
The bullfrog skeleton hits you.
* * * LOW HITPOINT WARNING * * *
You take 9 damage, and have 5/35 hp.
MASSIVE DAMAGE!!
It was a potion of degeneration.
There was something very wrong with that liquid.
You feel weakened.
You feel dopey.
You feel clumsy. The orc hits you.
* * * LOW HITPOINT WARNING * * *
The bullfrog skeleton barely misses you.
The orc wizard casts a spell.
The orc wizard blinks!
You take 2 damage, and have 3/35 hp.
Unknown command.
It was a potion of agility.
You feel agile all of a sudden. The bullfrog skeleton hits you.
* * * LOW HITPOINT WARNING * * *
The orc hits you.
You die...

#########
#..Z@olo######
.....#####ยง##...###
### #...........######
#...o.#...............
#...o.#.........#####.
##...##........## #.
#...#......#### #.
##.##......#########.
#.#....###.......##.


You could see an orc wizard, an orc, a frilled lizard and a bullfrog skeleton.

Vanquished Creatures
  Ijyb (D:3)
  An iguana (D:4)
  2 howler monkey skeletons (D:2)
  5 adders
  An ooze (D:1)
  A worm (D:2)
  2 dart slugs
  2 leopard geckos
  5 orcs
  2 ball pythons (D:3)
  4 bats
  2 giant cockroaches
  2 goblins
  8 hobgoblins
  A quokka (D:4)
  2 frilled lizards
  7 kobolds
  5 rats
53 creatures vanquished.

Notes
Turn   | Place    | Note
-------+----------+-------------------------------------------
     0 | D:1      | Monsterracer the Formicid Ice Elementalist began the quest for the Orb.
     0 | D:1      | Reached XP level 1. HP: 13/13 MP: 3/3
   121 | D:1      | HP: 6/13 [ooze (4)]
   130 | D:1      | Reached XP level 2. HP: 10/19 MP: 0/5
   945 | D:1      | HP: 5/19 [hobgoblin (5)]
   945 | D:1      | HP: 2/19 [kobold (3)]
   982 | D:1      | Reached XP level 3. HP: 5/24 MP: 2/6
   987 | D:1      | Learned a level 2 spell: Throw Frost
   991 | D:1      | Learned a level 3 spell: Ozocubu's Armour
  1631 | D:2      | Reached skill level 4 in Ice Magic
  1783 | D:2      | Reached XP level 4. HP: 30/30 MP: 4/8
  2210 | D:2      | HP: 14/30 [howler monkey skeleton (3)]
  2968 | D:3      | Noticed Ijyb
  2978 | D:3      | Killed Ijyb
  2978 | D:3      | Reached XP level 5. HP: 29/35 MP: 3/10
  3115 | D:3      | HP: 16/35 [adder (5)]
  3655 | D:3      | Found a deep blue altar of Sif Muna.
  3912 | D:4      | Reached skill level 1 in Maces & Flails
  3912 | D:4      | Reached skill level 5 in Ice Magic
  4171 | D:4      | Found a runed door.
  4239 | D:4      | Found a shattered altar of Ashenzari.
  4263 | D:4      | HP: 17/35 [bullfrog skeleton (3)]
  4266 | D:4      | HP: 5/35 [bullfrog skeleton (5)]
  4268 | D:4      | HP: 1/35 [bullfrog skeleton (2)]
  4268 | D:4      | Slain by an orc

Skill      XL: |  1  2  3  4  5 |
---------------+----------------+-----
Ice Magic      | 4 5 |  5.1
Spellcasting   | 3 |  3.5
Maces & Flails | 1 |  1.2
Dodging        | |  1.7
Stealth        | |  2.4
Conjurations   | |  0.8

Action                   |  1- 3 |  4- 6 || total
-------------------------+-------+-------++-------
Melee: Unarmed           |    10 |       ||    10
       Dagger            |     8 |    15 ||    23
       Flail             |       |     3 ||     3
       Whip              |       |     3 ||     3
 Cast: Freeze            |    45 |    68 ||   113
  Use: Scroll            |       |     3 ||     3
       Potion            |       |     2 ||     2
 Stab: Sleeping          |       |     2 ||     2
  Eat: Ration            |     1 |       ||     1
       Chunk             |       |     7 ||     7
Armor: Robe              |    11 |    12 ||    23
       Leather armour    |       |     4 ||     4
Dodge: Dodged            |    35 |    52 ||    87

Vault maps used:
D:1:      dpeg_arrival_oval, hangedman_decor_slide_cut, minmay_misc_feat_roman
D:2:      minmay_door_path
D:3:      lemuel_blue_sif_altar, uniq_ijyb
D:4:      ebering_ghost_sewer_d, nicolae_ashenzari_panopticon
